cohdb
Replays
Latest Replays
All Replays
Popular Replays
Top Player Replays
Match Explorer
How It Works
Community
CoH3 Stats
Reddit
Sign in to upload your games and track your stats! →
Sign in with Steam
Match 47339718
Unlisted
Match 47339718
Overview
Messages
Build Orders
End
Panzergrenadier Squad
Selects Panzerjäger Kommand Battlegroup
Selects Blockade Equipment
250 Light Carrier
Panzergrenadier Squad
Construct Light Support Kompanie
MG34 Team
Combat Half-tracks
Selects Tank Busters
Construct Mechanized Kompanie
Panzerjäger Mechanized Group
8 Rad Armored Car
Vehicle Survival Package
8 Rad Armored Car
Selects Defensive Positions
Selects Butterfly Bomb Drop
Butterfly Bomb Drop
Selects Crew Shock Tactics
8 Rad Armored Car
Sil
KrazyKoala
ConcernedApe
大笨象
0
0
Comments
sign in to comment!
No comments posted yet!